[Event "Queen Rapid Challenge 2024"]
[Site "Bucharest"]
[Date "2024.03.10"]
[Round "7.9"]
[White "Cosman, Andreea-Marioara"]
[Black "Fileru, Maria"]
[Result "1-0"]
[ECO "D36"]
[WhiteElo "2115"]
[BlackElo "1822"]
[Annotator "RC"]
[PlyCount "55"]
[EventDate "2024.03.09"]
[EventType "rapid"]
[EventCountry "ROU"]
[SourceTitle "playchess.com"]
[Source "ChessBase"]
[SourceQuality "1"]
[TimeControl "900+10"]

1. d4 d5 2. c4 e6 3. Nc3 Nf6 4. cxd5 exd5 5. Bg5 Be7 6. e3 O-O 7. Bd3 Nbd7 8. Qc2 Re8 9. h3 Nf8 10. Nf3 Ng6 11. O-O c6 12. Rad1 Ne4 13. Bxe4 dxe4 14. Bxe7 Qxe7 15. Nd2 f5 16. d5 Ne5 17. Qb3 Qg5 18. dxc6+ Be6 19. Qxb7 Nf3+ 20. Nxf3 exf3 21. g3 f4 22. exf4 Qh5 23. c7 Qxh3 24. Qxf3 Bg4 25. Qd5+ Kh8 26. Qxa8 Qxf1+ 27. Kxf1 Bc8 28. Qxc8 1-0

[Event "Queen Rapid Challenge 2024"]
[Site "Bucharest"]
[Date "2024.03.10"]
[Round "7.10"]
[White "Didiliuc, Dariana-Gabriela"]
[Black "Pandelescu, Maria-Catalina"]
[Result "0-1"]
[ECO "D32"]
[WhiteElo "1917"]
[BlackElo "1701"]
[Annotator "RC"]
[PlyCount "50"]
[EventDate "2024.03.09"]
[EventType "rapid"]
[EventCountry "ROU"]
[SourceTitle "playchess.com"]
[Source "ChessBase"]
[SourceQuality "1"]
[TimeControl "900+10"]

1. d4 d5 2. c4 e6 3. Nc3 c5 4. cxd5 exd5 5. dxc5 d4 6. Na4 b5 7. cxb6 axb6 8. b3 b5 9. Nb2 Nc6 10. Nd3 Nf6 11. Nf3 Bg4 12. Bd2 Bd6 13. Qc2 Rc8 14. Qb2 Be7 15. Nfe5 Nxe5 16. Nxe5 Bf5 17. Nd3 O-O 18. f3 Qb6 19. a4 Bxd3 20. exd3 Rfe8 21. Be2 Bd6 22. a5 Qc5 23. b4 Qe5 24. Bc1 Bxb4+ 25. Kf2 Bc3 0-1